 Dungeon Crawl Stone Soup version 0.30.1-11-g7821555f0a (webtiles) character file.

Game seed: 8507265976076437692

294 hawla the Firebug (level 6, -1/46 HPs)
             Began as a Meteoran Fire Elementalist on Dec 25, 2023.
             Slain by a two-headed ogre
             ... wielding a +0 giant club
              (11 damage)
             ... on level 5 of the Dungeon.
             The game lasted 00:06:11 (1491 turns).

hawla the Firebug (Meteoran Fire Elementalist)      Turns: 1491, Time: 00:06:12

Health: -1/46      AC:  5    Str: 10    XL:     6   Next: 92%
Magic:  4/13       EV: 13    Int: 18    God:
Gold:   114        SH:  0    Dex: 15    Spells: 6/13 levels left

rFire   . . .        c - +1 dagger (vamp)
rCold   . . .        (no shield)
rNeg    . . .        a - +0 robe
rPois   .            p - +2 hat
rElec   .            g - +0 cloak
rCorr   .            (no gloves)
SInv    .            (no boots)
Will    .....        e - amulet of the acrobat
Stlth   +            b - ring of wizardry
HPRegen 0.27/turn    (no ring)
MPRegen 0.13/turn

%: acrobat, wizardry (x1)
@: glowing
A: sense surroundings 1, otherworldly, glowing, explore regen
a: no special abilities


You were on level 5 of the Dungeon.
You visited 1 branch of the dungeon, and saw 5 of its levels.

You collected 114 gold pieces.

Inventory:

Hand Weapons
 c - a +1 vampiric dagger (weapon)
Armour
 a - a +0 robe (worn)
 g - a +0 cloak (worn)
 p - a +2 hat (worn)
Jewellery
 b - a ring of wizardry (left hand)
 e - an amulet of the acrobat (around neck)
 n - a ring of resist corrosion
Wands
 o - a wand of flame (12)
Scrolls
 f - a scroll of summoning {unknown}
 i - a scroll of fear
 k - a scroll of enchant weapon {unknown}
 m - 2 scrolls of amnesia
Potions
 d - a potion of degeneration {unknown}
 j - a potion of haste {unknown}
 l - a potion of cancellation {unknown}


   Skills:
 + Level 0.3 Fighting
 + Level 0.2 Short Blades
 + Level 3.0 Dodging
 - Level 1.4 Stealth
 + Level 4.0 Spellcasting
 + Level 5.1 Conjurations
 + Level 5.4 Fire Magic


You had 6 spell levels left.
You knew the following spells:

 Your Spells              Type           Power      Damage    Failure   Level
a - Foxfire               Conj/Fire      88%        2x1d8     1%          1
b - Scorch                Fire           46%        2d7       1%          2
c - Flame Wave            Conj/Fire      22%        2d8       7%          4

Your spell library contained the following spells:

 Spells                   Type           Power      Damage    Failure   Level
 Summon Small Mammal      Summ           12%        N/A       6%          1
 Inner Flame              Hex/Fire       13%        N/A       6%          3
 Volatile Blastmotes      Fire/Tloc      26%        2d12      6%          3
 Call Canine Familiar     Summ           3%         N/A       17%         3
 Summon Guardian Golem    Hex/Summ       3%         N/A       17%         3


Dungeon Overview and Level Annotations

Branches:
Dungeon (5/15) Zot: 1510
 Temple: D:4-7

Altars:
Ashenzari
Hepliaklqana
Ru

Shops:
D:5 *


Innate Abilities, Weirdness & Mutations

You passively map a small area around you.
You are easily found by Zot.
You glow in the dark.
You regain HP and MP as you explore.


Message History

You are no longer corroded.
Found 8 stones.
You see here 8 stones.
HP restored.
n - a ring of resist corrosion
Found an escape hatch in the ceiling.
Found a stone staircase leading down.
A two-headed ogre comes into view. It is wielding two +0 giant clubs.
The two-headed ogre shouts in stereo!
Casting: Scorch (safe; 1% risk of failure)
Confirm with . or Enter, or press ? or * to list all spells.
Flames lash the two-headed ogre.
The two-headed ogre is lightly wounded.
The two-headed ogre's fire resistance burns away.
Casting: Scorch (safe; 1% risk of failure)
Confirm with . or Enter, or press ? or * to list all spells.
Flames lash the two-headed ogre.
The two-headed ogre is burned terribly!
The two-headed ogre is moderately wounded.
Casting: Scorch (safe; 1% risk of failure)
Confirm with . or Enter, or press ? or * to list all spells.
Flames lash the two-headed ogre.
The two-headed ogre is burned terribly!
The two-headed ogre is moderately wounded.
The two-headed ogre hits you with a +0 giant club!!
The two-headed ogre barely misses you.
Casting: Scorch (safe; 1% risk of failure)
Confirm with . or Enter, or press ? or * to list all spells.
Flames lash the two-headed ogre.
The two-headed ogre is burned terribly!
The two-headed ogre is heavily wounded.
The two-headed ogre closely misses you.
The two-headed ogre hits you with a +0 giant club!
* * * LOW HITPOINT WARNING * * *
It was a potion of heal wounds.
You feel much better.
Casting: Scorch (safe; 1% risk of failure)
Confirm with . or Enter, or press ? or * to list all spells.
Flames lash the two-headed ogre.
The two-headed ogre is burned terribly!
The two-headed ogre is heavily wounded.
The two-headed ogre hits you with a +0 giant club!!
* * * LOW HITPOINT WARNING * * *
The two-headed ogre hits you with a +0 giant club!
You die...

###........<..
#.<#* *
##......##..
###....#
..######....####
. * * .......
...........##
.#.....
###.....##..## *
,, .##....
#..######..# ,
.,,## #... #.#
#..## ... ,* ...
#.* ##..####...#
, .. #
##..@O...# * , *
#..###...# , **
*#..# ..# #.>##
.# #.. # , , ..#
* * * * , ... ,
#..# ,


You could see a two-headed ogre (combustible).

Vanquished Creatures
  A scorpion (D:4)
  A hound (D:4)
  A gnoll bouda (D:4)
  2 jellies
  A sleepcap (D:4)
  5 adders
  A gnoll (D:4)
  A dart slug (D:2)
  An orc (D:4)
  2 bats
  7 endoplasms
  4 goblins
  5 hobgoblins
  A quokka (D:5)
  2 ball pythons
  7 kobolds
42 creatures vanquished.

Vanquished Creatures (others)
  53 foxfires
53 creatures vanquished.

Grand Total: 95 creatures vanquished

Notes
Turn   | Place    | Note
-------+----------+-------------------------------------------
     0 | D:1      | hawla the Meteoran Fire Elementalist began the quest for
                  | the Orb.
     0 | D:1      | Reached XP level 1. HP: 14/14 MP: 5/5
    73 | D:1      | Reached XP level 2. HP: 20/20 MP: 3/6
    76 | D:1      | Learned a level 2 spell: Scorch
   116 | D:2      | Reached XP level 3. HP: 26/26 MP: 1/8
   353 | D:3      | Reached XP level 4. HP: 29/33 MP: 7/9
   356 | D:3      | Found a broken altar of Ashenzari.
   362 | D:3      | Learned a level 4 spell: Flame Wave
   518 | D:4      | Noticed a scorpion
   521 | D:4      | Killed a scorpion
   522 | D:4      | Reached XP level 5. HP: 38/38 MP: 5/10
   555 | D:4      | Found a sacrificial altar of Ru.
   717 | D:4      | Reached XP level 6. HP: 34/45 MP: 2/12
   733 | D:4      | Reached skill level 5 in Fire Magic
   815 | D:4      | Reached skill level 5 in Conjurations
   840 | D:4      | Found a hazy altar of Hepliaklqana.
  1294 | D:5      | Entered Level 5 of the Dungeon
  1325 | D:5      | Found Ivo Olel's General Store.
  1485 | D:5      | Noticed a two-headed ogre
  1491 | D:5      | Slain by a two-headed ogre

Illustrated notes

Levels and vault maps discovered:
D:1:      lightli_arrival_chessboard, layout_loops_ring,
          hellmonk_ecumenical_altar_zigzags, minmay_misc_feat_rugged
D:2:      layout_loops_ring, serial_shops, shop, minmay_pentomino_w4
D:3:      layout_basic, marbit_many_paths, minmay_misc_feat_secret_circle,
          minmay_snake_closets, uniq_ijyb
D:4:      layout_loops_corners, nicolae_hepliaklqana_hippocampus,
          kennysheep_mini_moat, minmay_between
D:5:      layout_layer_cave, nemelex_spade_bored_becter,
          minmay_temple_entry_antechambers, kennysheep_decorative_pillar,
          abandoned_shop, nicolae_inconvenience_store

Skill      XL: |  1  2  3  4  5  6 |
---------------+-------------------+-----
Fire Magic     | 4 5 |  5.4
Spellcasting   | 3 4 |  4.0
Conjurations   | 3 4 5 |  5.1
Dodging        | 3 |  3.0
Fighting       | |  0.3
Short Blades   | |  0.2
Stealth        | |  1.4

Action                     |  1- 3 |  4- 6 || total
---------------------------+-------+-------++-------
  Melee: Dagger            |    10 |    42 ||    52
         Punch             |       |     1 ||     1
   Cast: Foxfire           |    20 |    11 ||    31
         Scorch            |     5 |    34 ||    39
    Use: Scroll            |       |     5 ||     5
         Potion            |       |     2 ||     2
 Armour: Robe              |     7 |     9 ||    16
  Dodge: Dodged            |     9 |    37 ||    46
